 Dungeon Crawl Stone Soup version 0.28-a0-1506-g3893175d92 (webtiles) character file.

Game seed: 8228601302721792223

71 riojii the Shield-Bearer (level 4, 20/42 HPs)
             Began as a Deep Dwarf Fighter on Jan 13, 2022.
             Was a Follower of Qazlal.
             Quit the game on level 2 of the Dungeon.
             The game lasted 00:01:57 (1074 turns).

riojii the Shield-Bearer (Deep Dwarf Fighter)       Turns: 1074, Time: 00:01:58

Health: 20/42      AC:  7    Str: 22    XL:     4   Next: 5%
Magic:  4/4        EV:  9    Int:  8    God:    Qazlal [*.....]
Gold:   23         SH:  6    Dex: 12    Spells: 3/3 levels left

rFire   . . .      SeeInvis .   a - +0 war axe
rCold   . . .      Faith    .   c - +0 buckler
rNeg    . . .      Spirit   .   b - +0 scale mail
rPois   .          Reflect  .   (no helmet)
rElec   .          Harm     .   (no cloak)
rCorr   .          Rampage  .   (no gloves)
Will    .....                   (no boots)
Stlth   ..........              (no amulet)
HPRegen 0.00/turn               (no ring)
MPRegen 0.09/turn               (no ring)

@: no status effects
A: damage resistance, heal wounds, sense surroundings 1, no regeneration
a: Heal Wounds, Renounce Religion


You were on level 2 of the Dungeon.
You worshipped Qazlal.
Qazlal was aware of your devotion.
You visited 1 branch of the dungeon, and saw 2 of its levels.

You collected 23 gold pieces.

Inventory:

Hand Weapons
 a - a +0 war axe (weapon)
Armour
 b - a +0 scale mail (worn)
 c - a +0 buckler (worn)
Scrolls
 e - 2 scrolls of teleportation {unknown}
 f - a scroll of torment {unknown}
Potions
 d - a potion of might
 g - a potion of attraction {unknown}
 h - a potion of magic {unknown}
 i - a potion of mutation {unknown}


   Skills:
 + Level 3.2 Fighting
 + Level 3.0 Axes
 + Level 3.9 Armour
 + Level 4.0 Shields


You had 3 spell levels left.
You didn't know any spells.
Your spell library contained the following spells:

 Spells                   Type           Power      Damage    Failure   Level
 Chain Lightning          Conj/Air       0%         N/A       100%        9
 Fire Storm               Conj/Fire      0%         5d1       100%        9
 Shatter                  Erth           0%         3d5*      100%        9


Dungeon Overview and Level Annotations

Branches:
Dungeon (2/15)

Altars:
Qazlal


Innate Abilities, Weirdness & Mutations

You are resistant to damage.
You can heal yourself by infusing magical energy.
You passively map a small area around you.
You do not regenerate.


Message History

You are too injured to fight recklessly!
You hit Terence.
Terence is moderately wounded.
Terence hits you with a +0 flail.
You barely miss Terence.
Terence is moderately wounded.
Terence hits you with a +0 flail. You block Terence's attack.
You slash Terence!
Terence is almost dead.
Terence barely misses you.
You barely miss Terence.
Terence is almost dead.
Terence closely misses you.
You closely miss Terence.
Terence is almost dead.
You block Terence's attack. Terence closely misses you.
You hit Terence.
You kill Terence!
Your Axes skill increases to level 3!
Your Shields skill increases to level 4!
You have reached level 4!
You feel stronger.
A kobold comes into view. It is wielding a +0 dagger.
Things that are here:
a +0 flail; a +0 ring mail The kobold shouts!
You are too injured to fight recklessly!
You slash the kobold!
You kill the kobold!
Things that are here:
a +0 dagger; a kobold corpse
There is a faded altar of an unknown god here.
You cannot tell which god this altar belongs to.
Convert to them anyway?
Qazlal accepts your prayer! Qazlal welcomes you!
Qazlal grants you and your divine allies immunity to clouds.
You are now surrounded by a storm.
Unknown command.
Press < or > to pray at altars.
Are you sure you want to abandon this character and quit the game? (Confirm with "yes".)

..#, *, *, ..## #.# #.# *
,,, , ...# #.# #.# * ,
...###.# #.# ,# , *
#...##.# #.#* *.# , *
#...##.######.#####.#,
##...#..............#.#.#
*
,+...#.#.........)......#
,
###.##..........@#....###
*
.......#.####)##.#.#.....
,, ###....#.# #.##.#.#
#### * #....#.##..<.....#
* #....#.##.#.##.###
#....#^##.#.##.#< *
#..#.#.## #.##.. , * *
##.#.#.# #.#### .....,,
,... , *


There were no monsters in sight!

Vanquished Creatures
  Terence (D:2)
  An adder (D:2)
  A worm (D:2)
  6 ball pythons
  5 bats (D:1)
  3 endoplasms
  A giant cockroach (D:1)
  4 goblins
  A quokka (D:1)
  2 frilled lizards (D:2)
  8 kobolds
  2 rats (D:1)
35 creatures vanquished.

Vanquished Creatures (others)
  A dart slug (D:1)
  A ball python (D:1)
2 creatures vanquished.

Grand Total: 37 creatures vanquished

Notes
Turn   | Place    | Note
-------+----------+-------------------------------------------
     0 | D:1      | riojii the Deep Dwarf Fighter began the quest for the Orb.
     0 | D:1      | Reached XP level 1. HP: 20/20 MP: 1/1
   307 | D:1      | Reached XP level 2. HP: 24/27 MP: 2/2
   965 | D:2      | Reached XP level 3. HP: 25/34 MP: 3/3
  1048 | D:2      | Found a faded altar of an unknown god.
  1056 | D:2      | Noticed Terence
  1065 | D:2      | Killed Terence
  1066 | D:2      | Reached skill level 4 in Shields
  1066 | D:2      | Reached XP level 4. HP: 20/42 MP: 4/4
  1073 | D:2      | Prayed at the altar of an unknown god.
  1073 | D:2      | Became a worshipper of Qazlal Stormbringer
  1073 | D:2      | Reached * piety under Qazlal
  1074 | D:2      | Quit the game

Illustrated notes

Levels and vault maps discovered:
D:1:      lightli_arrival_windingriver, layout_basic,
          minmay_misc_feat_nine_boxes, nrook_mini_backslash, lemuel_flame_loot_1
D:2:      minmay_razor_zed, layout_basic, basic_ecumenical_altar, serial_shops,
          nicolae_shop_bloodbath_and_beyond, uniq_terence

Skill      XL: |  1  2  3 |
---------------+----------+-----
Fighting       | 3 |  3.2
Axes           | 3 |  3.0
Shields        | 4 |  4.0
Armour         | |  3.9

Action                   |  1- 3 |  4- 6 || total
-------------------------+-------+-------++-------
Melee: War axe           |    98 |     1 ||    99
Armor: Scale mail        |    42 |       ||    42
Dodge: Dodged            |    50 |       ||    50
Block: Buckler           |    21 |       ||    21

Table legend: (Time is in decaauts)
 A = Elapsed time spent in this place.
 B = Non-inter-level travel time spent in this place.
 C = Inter-level travel time spent in this place.
 D = Time resting spent in this place.
 E = Time spent auto-exploring this place.
 F = Levels seen in this place.
 G = Mean time per level.
                   A        B        C        D        E       F      G
               +--------+--------+--------+--------+--------+-----+--------+
         Total |   1115 |   1086 |     29 |    100 |    706 |   2 |  557.5 |
       Dungeon |   1115 |   1086 |     29 |    100 |    706 |   2 |  557.5 |
               +--------+--------+--------+--------+--------+-----+--------+

Top non-repeatable levels by time:
     D:1: 900 daAuts
     D:2: 215 daAuts
